 Dungeon Crawl Stone Soup version 0.31-a0-940-gdaa99269f9 (webtiles) character file.

Game seed: 13218543254863817188

56 IdlyInterested the Cutter (level 3, 0/40 HPs)
             Began as a Demonspawn Gladiator on Oct 20, 2023.
             Slain by a gnoll
             ... wielding a +2 vampiric spear
              (9 damage)
             ... on level 2 of the Dungeon.
             The game lasted 00:04:16 (1524 turns).

IdlyInterested the Cutter (Demonspawn Gladiator)    Turns: 1524, Time: 00:04:17

Health: 0/40       AC:  9    Str: 14    XL:     3   Next: 71%
Magic:  3/3        EV:  7    Int: 11    God:
Gold:   65         SH:  4    Dex: 14    Spells: 2/2 levels left

rFire   . . .        a - +0 rapier
rCold   . . .        (no shield)
rNeg    . . .        t - +0 chain mail
rPois   +            c - +0 helmet
rElec   .            (no cloak)
rCorr   .            (no gloves)
SInv    .            (no boots)
Will    .....        j - amulet of faith Stlth
                     h - ring of wizardry
HPRegen 0.26/turn    p - ring of poison resistance
MPRegen 0.08/turn

%: faith, wizardry (x1)
@: berserking, very quick
A: condensation shield
a: no special abilities


You were on level 2 of the Dungeon.
You visited 1 branch of the dungeon, and saw 2 of its levels.

You collected 65 gold pieces.

Inventory:

Hand Weapons
 a - a +0 rapier (weapon)
Missiles
 d - 3 throwing nets
 e - 11 stones (quivered)
Armour
 b - a +0 leather armour
 c - a +0 helmet (worn)
 l - a +0 ring mail
 t - a +0 chain mail (worn)
Jewellery
 h - a ring of wizardry (left hand)
 j - an amulet of faith (around neck)
 p - a ring of poison resistance (right hand)
Talismans
 f - a flux talisman
Scrolls
 i - a scroll of immolation
 k - a scroll of revelation {unknown}
 m - 2 scrolls of amnesia {unknown}
 n - a scroll of summoning {unknown}
Potions
 q - a potion of heal wounds
 r - 2 potions of lignification
 s - a potion of cancellation
 u - a potion of haste {unknown}
 v - a potion of curing {unknown}


   Skills:
 - Level 2.0 Fighting
 + Level 4.3 Short Blades
 - Level 1.7 Throwing
 - Level 2.6 Dodging


You had 2 spell levels left.
You didn't know any spells.
Your spell library contained the following spells:

 Spells                   Type           Power      Damage    Failure   Level
 Poisonous Vapours        Pois/Air       0%         N/A       98%         2
 Mephitic Cloud           Conj/Pois/Air  0%         N/A       100%        3
 Freezing Cloud           Conj/Ice/Air   0%         6-21      100%        5


Dungeon Overview and Level Annotations

Branches:
Dungeon (2/15)

Altars:


Innate Abilities, Weirdness & Mutations

A meltable shield of frost defends you. (SH +4)


Message History

You hit the adder.
You kill the adder!
You feel sick.
You feel sick.
You see here an adder corpse.
You start resting.
You feel sick.
You are no longer poisoned.
v - a fuming sapphire potion You start resting.
A gnoll comes into view.
It is wielding a +2 vampiric spear and quivering poisoned darts.
The gnoll shouts!
You hear a shout!
A gnoll comes into view.
It is wielding a +0 flail. 2 gnolls come into view.
A gnoll is wielding a +2 halberd of venom.
The gnoll shouts! x2
The gnoll throws a poisoned dart.
The poisoned dart hits you!
The gnoll throws a poisoned dart.
The poisoned dart hits you!
Found a scroll labelled IMAIPS XIUGAA.
The gnoll throws a poisoned dart.
The poisoned dart hits you! The gnoll barely misses you.
The gnoll hits you from afar with a +2 halberd of venom!
You hit the gnoll.
The gnoll is moderately wounded.
The gnoll closely misses you. The gnoll hits you but does no damage.
The gnoll hits you but does no damage.
Throw: javelin
Press: ? - help, Shift-Dir - straight line, f - gnoll
Aim: a gnoll, wielding a +2 vampiric spear and quivering poisoned darts (moderately wounded, 60% to hit)
You throw a javelin. The javelin pierces through the gnoll.
The gnoll is moderately wounded.
The javelin closely misses the gnoll.
The javelin pierces through the gnoll.
The gnoll is moderately wounded.
The javelin pierces through the gnoll.
The gnoll is moderately wounded.
The gnoll hits you from afar with a +2 vampiric spear!
* * * LOW HITPOINT WARNING * * *
A red film seems to cover your vision as you go berserk!
You feel yourself moving faster!
You feel mighty!
The gnoll hits you from afar with a +2 vampiric spear!
You die...

.........
###...#.###
...(... ##. #.#
..... # #.# .g.
#.# #g# #.# #g#
#.# #g#
#######.# ##.##
#.......#
##.@.##
#.#######
#.....# #.#
##...## #†#
#.####.######.#
#....†........#
###############


You could see 4 gnolls.

Vanquished Creatures
  2 adders (D:2)
  3 ball pythons (D:1)
  An endoplasm (D:1)
  A giant cockroach (D:2)
  4 goblins
  6 hobgoblins (D:1)
  5 jackals (D:1)
  4 quokkas
  2 bats (D:2)
  2 frilled lizards (D:1)
  3 kobolds
  2 rats (D:1)
35 creatures vanquished.

Notes
Turn   | Place    | Note
-------+----------+-------------------------------------------
     0 | D:1      | IdlyInterested the Demonspawn Gladiator began the quest for
                  | the Orb.
     0 | D:1      | Reached XP level 1. HP: 16/16 MP: 1/1
    40 | D:1      | Reached skill level 3 in Short Blades
   154 | D:1      | Gained mutation: A meltable shield of frost defends you.
                  | (SH +4) [demonic ancestry]
   154 | D:1      | Reached XP level 2. HP: 22/22 MP: 2/2
   582 | D:1      | Reached XP level 3. HP: 27/27 MP: 3/3
  1052 | D:2      | Reached skill level 4 in Short Blades
  1524 | D:2      | Slain by a gnoll

Illustrated notes

Levels and vault maps discovered:
D:1:      minmay_arrival_four_houses, layout_loops_ring, solitary_fountain
D:2:      layout_loops_corners

Skill      XL: |  1  2  3 |
---------------+----------+-----
Short Blades   | 3 4 |  4.3
Fighting       | |  2.0
Throwing       | |  1.7
Dodging        | |  2.6

Action                     || total
---------------------------++-------
  Melee: Rapier            ||   139
  Throw: Javelin           ||     2
    Use: Scroll            ||     6
         Potion            ||     1
 Armour: Leather armour    ||    28
         Ring mail         ||    34
         Chain mail        ||    19
  Dodge: Dodged            ||    74
  Block: Other             ||    19

Table legend: (Time is in decaauts)
 A = Elapsed time spent in this place.
 B = Non-inter-level travel time spent in this place.
 C = Inter-level travel time spent in this place.
 D = Time resting spent in this place.
 E = Time spent auto-exploring this place.
 F = Levels seen in this place.
 G = Mean time per level.
                   A        B        C        D        E       F      G
               +--------+--------+--------+--------+--------+-----+--------+
         Total |   1527 |   1362 |    165 |     93 |    862 |   2 |  763.5 |
       Dungeon |   1527 |   1362 |    165 |     93 |    862 |   2 |  763.5 |
               +--------+--------+--------+--------+--------+-----+--------+

Top non-repeatable levels by time:
     D:1: 965 daAuts
     D:2: 561 daAuts
